 Dungeon Crawl Stone Soup version 0.18.1-48-g4cf74bf (webtiles) character file.

62078 Dalarin the Unseen (level 14, -14/63 HPs)
             Began as a Spriggan Venom Mage on July 17, 2016.
             Was a High Priest of Vehumet.
             Killed from afar by an efreet (30 damage)
             ... with a fireball
             ... on level 13 of the Dungeon on July 18, 2016.
             The game lasted 05:50:55 (36924 turns).

Dalarin the Unseen (Spriggan Venom Mage)           Turns: 36924, Time: 05:50:56

Health: -14/63     AC:  7    Str:  6      XL:     14   Next: 63%
Magic:  23/31      EV: 25    Int: 23 (24) God:    Vehumet [*****.]
Gold:   980        SH:  0    Dex: 17      Spells: 14 memorised, 1 level left

rFire  . . .     SeeInvis +     h - +5 dagger (venom)
rCold  + . .     Gourm    .     H - +2 robe {rC+}
rNeg   . . .     Faith    +     (shield restricted)
rPois  .         Spirit   .     (helmet restricted)
rElec  .         Dismiss  .     f - +2 cloak
rCorr  .         Reflect  .     (gloves unavailable)
SustAt .         Harm     .     (boots unavailable)
MR     ++...                    d - amulet of faith
Stlth  +++++++...               u - ring of wizardry
                                F - +5 ring of intelligence

@: very quick, very resistant to hostile enchantments, extremely stealthy
A: unfitting armour, see invisible, herbivore 3, speed 3, slow metabolism 2
a: Renounce Religion


You were on level 13 of the Dungeon.
You worshipped Vehumet.
Vehumet was extremely pleased with you.
You were not hungry.

You visited 4 branches of the dungeon, and saw 24 of its levels.
You also visited: Sewer.

You collected 2020 gold pieces.
You spent 1040 gold pieces at shops.

Inventory:

Hand Weapons
 h - a +5 dagger of venom (weapon)
 Q - a +2 scimitar of flaming
 W - a +0 dagger of venom
Missiles
 t - 3 throwing nets (quivered)
Armour
 f - a +2 cloak (worn)
 l - a +1 buckler
 H - a +2 robe of cold resistance (worn)
Jewellery
 d - an amulet of faith (around neck)
 e - an uncursed ring of positive energy
 o - an uncursed ring of magical power
 r - an uncursed amulet of harm
 u - a ring of wizardry (right hand)
 w - a +1 ring of protection
 y - a +2 ring of dexterity
 F - a +5 ring of intelligence (left hand)
 I - an uncursed ring of sustain attributes
 V - a +4 amulet of reflection {unknown}
 X - an uncursed ring of stealth
Wands
 a - a wand of flame (11/48)
 j - a wand of confusion (1/48)
 v - a wand of slowing (11/48)
 B - a wand of lightning (5/15)
 G - a wand of lightning (12/15)
 J - a wand of digging (8/24)
 L - a wand of teleportation (5/9)
 N - a wand of confusion (29/48)
 P - a wand of acid (4/15)
 T - a wand of random effects (16/48)
 Y - a wand of paralysis (6/24)
Scrolls
 n - 3 scrolls of magic mapping
 q - 10 scrolls of remove curse
 A - 2 scrolls of fog
 D - 4 scrolls of teleportation
 O - a scroll of recharging
Potions
 g - 2 potions of agility
 i - 3 potions of heal wounds
 m - 8 potions of curing
 p - 2 potions of might
 s - a potion of invisibility
 C - 4 potions of ambrosia
 M - a potion of flight
 S - a potion of cure mutation
Books
 b - a Young Poisoner's Handbook

   Spells                             Type                      Level
   a - Sting                          Conjuration/Poison           1
   b - Cure Poison                    Poison                       2
   c - Mephitic Cloud                 Conjuration/Poison/Air       3
   d - Olgreb's Toxic Radiance        Poison                       4
   e - Venom Bolt                     Conjuration/Poison           5
 x - a book of Minor Magic

   Spells                             Type                      Level
   a - Magic Dart                     Conjuration                  1
   b - Blink                          Translocation                2
   c - Call Imp                       Summoning                    2
   d - Repel Missiles                 Charms/Air                   2
   e - Slow                           Hexes                        2
   f - Conjure Flame                  Conjuration/Fire             3
   g - Mephitic Cloud                 Conjuration/Poison/Air       3
 z - a book of Cantrips

   Spells                             Type                      Level
   a - Corona                         Hexes                        1
   b - Animate Skeleton               Necromancy                   1
   c - Summon Small Mammal            Summoning                    1
   d - Apportation                    Translocation                1
 E - a book of Dreams

   Spells                             Type                      Level
   a - Ensorcelled Hibernation        Hexes/Ice                    2
   b - Silence                        Hexes/Air                    5
   c - Darkness                       Hexes                        6
   d - Shadow Creatures               Summoning                    6
 K - a book of the Sky

   Spells                             Type                      Level
   a - Summon Lightning Spire         Summoning/Air                4
   b - Airstrike                      Air                          4
   c - Silence                        Hexes/Air                    5
   d - Deflect Missiles               Charms/Air                   6
   e - Conjure Ball Lightning         Conjuration/Air              6
   f - Tornado                        Air                          9
 R - a book of the Tempests

   Spells                             Type                      Level
   a - Static Discharge               Conjuration/Air              3
   b - Lightning Bolt                 Conjuration/Air              5
   c - Fireball                       Conjuration/Fire             5
   d - Tornado                        Air                          9
   e - Shatter                        Earth                        9
 U - a book of Power

   Spells                             Type                      Level
   a - Fulminant Prism                Conjuration/Hexes            4
   b - Iskenderun's Mystic Blast      Conjuration                  4
   c - Venom Bolt                     Conjuration/Poison           5
   d - Bolt of Magma                  Conjuration/Fire/Earth       5
   e - Iron Shot                      Conjuration/Earth            6
   f - Orb of Destruction             Conjuration                  7
   g - Spellforged Servitor           Conjuration/Summoning        7
 Z - a book of Misfortune

   Spells                             Type                      Level
   a - Confusing Touch                Hexes                        2
   b - Confuse                        Hexes                        3
   c - Gell's Gravitas                Hexes/Translocation          3
   d - Petrify                        Transmutation/Earth          4
   e - Metabolic Englaciation         Hexes/Ice                    5
   f - Yara's Violent Unravelling     Hexes/Transmutation          5
Comestibles
 c - 8 bread rations
 k - a royal jelly


   Skills:
 - Level 2.0 Fighting
 - Level 11.2 Short Blades
 + Level 14.5 Dodging
 + Level 16.2 Stealth
 + Level 12.6 Spellcasting
 + Level 7.5 Conjurations
 + Level 4.7 Hexes
 - Level 4.1 Charms
 - Level 1.0 Summonings
 - Level 3.0 Translocations
 + Level 3.0 Air Magic
 - Level 10.9 Poison Magic


You had one spell level left.
You knew the following spells:

 Your Spells              Type           Power        Failure   Level  Hunger
a - Sting                 Conj/Pois      ####         1%          1    None
b - Cure Poison           Pois           ######....   1%          2    None
c - Mephitic Cloud        Conj/Pois/Air  #####...     1%          3    None
d - Venom Bolt            Conj/Pois      ######....   1%          5    ###....
e - Blink                 Tloc           N/A          1%          2    None
f - Call Imp              Summ           ###.....     1%          2    None
g - Apportation           Tloc           ####......   1%          1    None
h - Slow                  Hex            #####...     1%          2    None
i - Iskenderun's Mystic   Conj           #####...     1%          4    None
j - Conjure Flame         Conj/Fire      ####....     1%          3    None
k - Repel Missiles        Chrm/Air       ####..       1%          2    None
l - Airstrike             Air            ####......   1%          4    None
m - Summon Lightning Spi  Summ/Air       ###.....     9%          4    None
n - Ensorcelled Hibernat  Hex/Ice        ####..       1%          2    None


Dungeon Overview and Level Annotations

Branches:
Dungeon (13/15)            Temple (1/1) D:6            Lair (8/8) D:11
  Swamp (0/4) Lair:6        Snake (0/4) Lair:6          Orc (2/2) D:12
    Elf (0/3) Orc:2
  Slime: Lair:6-8    Vaults: D:13-14

Altars:
Ashenzari
Cheibriados
Dithmenos
Elyvilon
Fedhas
Gozag
Kikubaaqudgha
Makhleb
Nemelex Xobeh
Okawaru
Pakellas
Qazlal
Ru
Sif Muna
Trog
Vehumet
Xom
Yredelemnul
Zin
The Shining One

Shops:
Orc:2 (:}[(

Portals:
Trove: D:10 (give 15 potions of curing)

Annotations:
D:4 MDKed's ghost, amateur HuFi
D:6 aves's ghost, novice VSFi


Innate Abilities, Weirdness & Mutations

You are tiny and cannot use many weapons and most armour.
You have supernaturally acute eyesight.
You are a herbivore.
You cover ground extremely quickly.
You need consume almost no food.


Message History

The floor.
Casting: Mephitic Cloud
Confirm with . or Enter, or press ? or * to list all spells.
Aiming: Ensorcelled Hibernation
Press: ? - help, Shift-Dir - straight line, f - efreet
Aim: an efreet, wielding a scimitar of flaming (lightly wounded, poisoned, chance to defeat MR: 54%)
Okay, then.
Casting: Ensorcelled Hibernation
Confirm with . or Enter, or press ? or * to list all spells.
Okay, then.
Read which item? (? for menu, Esc to quit)
Okay, then.
The efreet gestures at you.
The fireball explodes!
The fireball engulfs you!
* * * LOW HITPOINT WARNING * * *
You hear a shout!
There is a stone staircase leading up here.
The efreet gestures at you.
The fireball explodes!
The fireball engulfs you!
You die...

#...# #....# ####.#.#
#.§#.# #.....§###+#R...##
.... #.#..§.§§§§.......
.... #...R##..#..#..#..
..... #.................
.#...####...########.....#
..........#.+ .#...#
.........@#.#### .....#
................. ......
.........###..... ##...#
.........+ .#... ...
.........# .....
.........# .........#
#####....# +....#


You could see an efreet.

Vanquished Creatures
  Maud (Lair:3)
  An orc warlord (Orc:1)
  Josephine (Lair:4)
  4 hydras
  Erica (Orc:1)
  Urug (Lair:2)
  Sonja (D:11)
  2 orc high priests (Orc:2)
  2 unseen horrors
  A deep troll (D:9)
  4 hill giants
  A lindwurm (Lair:8)
  5 orc knights
  An ugly thing (D:12)
  3 orc sorcerers (Orc:2)
  The ghost of cba the Jinx, a novice FeEn of Sif Muna (D:10)
  9 elephants
  A torpor snail (Lair:7)
  4 black mambas
  21 spiny frogs
  4 rime drakes
  5 komodo dragons
  7 trolls
  A tengu conjurer (D:8)
  A two-headed ogre (D:9)
  A polar bear (Lair:3)
  24 blink frogs
  30 yaks
  A wyvern (D:9)
  2 hogs
  2 basilisks
  A human (D:8)
  9 hippogriffs
  A steam dragon (D:9)
  9 vampire mosquitoes
  2 hungry ghosts (D:12)
  8 swamp worms
  2 wargs
  Edmund (D:4)
  3 nagas (Lair:6)
  21 water moccasins
  Duvessa (D:5)
  10 porcupines
  17 orc warriors
  A black bear (D:10)
  2 phantoms
  3 wasps
  2 ice beasts
  3 sky beasts
  9 ogres
  12 centaurs
  14 crocodiles
  2 big kobolds
  Blork the orc (D:5)
  40 giant frogs
  Dowan (D:5)
  A scorpion (D:7)
  10 killer bees
  3 electric eels
  5 jellies
  5 howler monkeys
  A lava snake (Lair:4)
  6 crimson imps
  A giant frog zombie (D:5)
  2 giant frog skeletons (D:5)
  25 orc wizards
  A centaur zombie (D:6)
  15 orc priests
  2 centaur skeletons
  6 hounds
  9 iguanas
  9 worker ants
  9 sheep
  2 hound skeletons
  6 gnolls
  82 river rats
  17 adders
  4 shadow imps
  2 adder skeletons
  An adder zombie (D:6)
  14 worms
  6 dart slugs (D:6)
  4 giant geckos
  78 orcs
  8 giant cockroaches
  6 goblins
  5 hobgoblins
  11 jackals
  2 quokkas
  3 ball pythons
  6 bats
  A giant gecko skeleton (D:5)
  A giant gecko zombie (D:5)
  4 giant newts
  A jackal zombie (D:5)
  19 kobolds
  2 quokka skeletons
  8 rats
721 creatures vanquished.

Vanquished Creatures (collateral kills)
  An orc high priest (Orc:2)
  An orc sorcerer (Orc:2)
  A griffon (Lair:5)
  6 yaks
  A hungry ghost (D:12)
  A swamp worm (Lair:3)
  2 orc warriors (Orc:1)
  A centaur (D:12)
  A howler monkey (D:7)
  A quasit (D:12)
  3 orc wizards
  4 river rats (Lair:5)
  A worm (Lair:3)
  5 orcs
  A plant (Lair:3)
30 creatures vanquished.

Vanquished Creatures (others)
  A spiny frog (Lair:8)
  A giant frog skeleton (D:8)
  An orc priest (Orc:2)
  67 fungi
  29 plants
99 creatures vanquished.

Grand Total: 850 creatures vanquished

Notes
Turn   | Place    | Note
--------------------------------------------------------------
     0 | D:1      | Dalarin the Spriggan Venom Mage began the quest for the Orb.
     0 | D:1      | Reached XP level 1. HP: 9/9 MP: 5/5
   564 | D:1      | Reached XP level 2. HP: 13/13 MP: 4/6
  1184 | D:2      | Learned a level 2 spell: Cure Poison
  1253 | D:2      | Reached skill level 1 in Short Blades
  1253 | D:2      | Reached XP level 3. HP: 17/17 MP: 0/8
  1268 | D:2      | Reached skill level 1 in Fighting
  1393 | D:2      | Learned a level 3 spell: Mephitic Cloud
  1501 | D:2      | Reached XP level 4. HP: 22/22 MP: 6/9
  2236 | D:3      | Reached skill level 4 in Stealth
  2236 | D:3      | Reached XP level 5. HP: 16/25 MP: 8/11
  2731 | D:3      | Found a faded altar to an unknown god.
  3651 | D:4      | Found a glowing drain.
  3689 | Sewer    | Entered a sewer
  3743 | Sewer    | Reached XP level 6. HP: 19/30 MP: 10/13
  3891 | Sewer    | Noticed BoredOne's ghost (novice OgHu)
  4165 | D:4      | Noticed MDKed's ghost (amateur HuFi)
  4178 | D:4      | Learned a level 5 spell: Venom Bolt
  4429 | D:5      | Entered Level 5 of the Dungeon
  4607 | D:5      | Noticed Blork the orc
  4629 | D:5      | Noticed Dowan
  4669 | D:5      | Reached skill level 5 in Stealth
  4810 | D:5      | Noticed Duvessa
  4857 | D:5      | Noticed a sky beast
  4904 | D:4      | Noticed Edmund
  4912 | D:4      | Killed Edmund
  4912 | D:4      | Reached skill level 5 in Dodging
  4912 | D:4      | Reached skill level 5 in Poison Magic
  4912 | D:4      | Reached XP level 7. HP: 25/35 MP: 6/14
  5112 | D:5      | Learned a level 2 spell: Blink
  5115 | D:5      | Learned a level 2 spell: Call Imp
  5258 | D:5      | Reached skill level 6 in Stealth
  5258 | D:5      | Reached skill level 1 in Translocations
  5781 | D:5      | Reached skill level 5 in Spellcasting
  5877 | D:5      | Killed Duvessa
  5877 | D:5      | Reached XP level 8. HP: 39/39 MP: 5/16
  5926 | D:5      | Killed Dowan
  6049 | D:5      | Killed Blork the orc
  6325 | D:6      | Reached skill level 7 in Stealth
  6341 | D:6      | Learned a level 1 spell: Apportation
  6436 | D:6      | Noticed aves's ghost (novice VSFi)
  6789 | D:6      | Found a staircase to the Ecumenical Temple.
  6796 | Temple   | Entered the Ecumenical Temple
  6897 | Temple   | Learned a level 2 spell: Slow
  7100 | D:6      | Reached skill level 1 in Hexes
  7274 | D:6      | Found a deep blue altar of Sif Muna.
  7278 | D:6      | Found an iron altar of Okawaru.
  7278 | D:6      | Found a blossoming altar of Fedhas.
  7287 | D:6      | Found a stormy altar of Qazlal.
  7287 | D:6      | Found an ancient bone altar of Kikubaaqudgha.
  7686 | D:7      | Reached skill level 1 in Summonings
  8019 | D:7      | Reached skill level 5 in Short Blades
  8151 | D:7      | Reached skill level 8 in Stealth
  8626 | D:7      | Reached XP level 9. HP: 42/42 MP: 7/19
  8643 | D:7      | Reached skill level 1 in Conjurations
 10000 | D:8      | Noticed a tengu conjurer
 10006 | D:8      | Noticed a hill giant
 10283 | D:8      | Killed a hill giant
 10283 | D:8      | Reached skill level 9 in Stealth
 10717 | D:8      | Killed a tengu conjurer
 10717 | D:8      | Reached XP level 10. HP: 46/46 MP: 9/22
 11816 | D:9      | Reached skill level 10 in Stealth
 12151 | D:9      | Found a bloodstained altar of Trog.
 12172 | D:9      | Found a runed door.
 12176 | D:9      | Found a runed door.
 12269 | D:9      | Found a radiant altar of Vehumet.
 12272 | D:9      | Became a worshipper of Vehumet
 12553 | D:9      | Found a blossoming altar of Fedhas.
 12943 | D:9      | Reached * piety under Vehumet
 12943 | D:9      | Offered knowledge of Sandblast by Vehumet.
 13033 | D:9      | Noticed an iron troll
 13033 | D:9      | Noticed a deep troll
 13046 | D:9      | Reached skill level 10 in Dodging
 13050 | D:9      | Killed a deep troll
 13235 | D:10     | Entered Level 10 of the Dungeon
 13236 | D:10     | Reached skill level 11 in Stealth
 13267 | D:10     | Learned a level 4 spell: Olgreb's Toxic Radiance
 13272 | D:10     | Reached XP level 11. HP: 50/50 MP: 24/24
 13374 | D:10     | Noticed a hill giant
 13375 | D:10     | Noticed a hill giant
 13442 | D:10     | Killed a hill giant
 13491 | D:10     | Killed a hill giant
 13714 | D:10     | Noticed a hill giant
 13717 | D:10     | Noticed an unseen horror
 13722 | D:10     | Killed a hill giant
 13725 | D:10     | Killed an unseen horror
 13725 | D:10     | Reached ** piety under Vehumet
 13725 | D:10     | Offered knowledge of Throw Flame by Vehumet.
 13822 | D:10     | Found a portal to a secret trove of treasure.
 13847 | D:10     | Noticed cba's ghost (novice FeEn)
 13888 | D:10     | Killed cba's ghost
 14317 | D:11     | Noticed Sonja
 14323 | D:11     | Killed Sonja
 14709 | D:11     | Found a staircase to the Lair.
 14860 | D:11     | Offered knowledge of Throw Frost by Vehumet.
 14966 | D:11     | Noticed an unseen horror
 14994 | D:11     | Killed an unseen horror
 14994 | D:11     | Reached skill level 12 in Stealth
 15298 | Lair:1   | Entered Level 1 of the Lair of Beasts
 15590 | Lair:1   | Reached *** piety under Vehumet
 16274 | Lair:1   | Offered knowledge of Throw Icicle by Vehumet.
 16646 | Lair:2   | Noticed a five-headed hydra
 16647 | Lair:2   | Killed a five-headed hydra
 16904 | Lair:2   | Noticed Urug
 16909 | Lair:2   | Killed Urug
 16974 | Lair:2   | Reached XP level 12. HP: 54/54 MP: 23/26
 17182 | Lair:2   | Reached **** piety under Vehumet
 17215 | Lair:2   | Found a frozen archway.
 17465 | Lair:2   | Reached skill level 10 in Spellcasting
 17652 | Lair:2   | Offered knowledge of Fulminant Prism by Vehumet.
 17802 | Lair:2   | Reached skill level 5 in Conjurations
 17950 | Lair:3   | Noticed a six-headed hydra
 17957 | Lair:3   | Killed a six-headed hydra
 17957 | Lair:3   | Reached skill level 13 in Stealth
 18692 | Lair:3   | Noticed Maud
 18919 | Lair:3   | Learned a level 3 spell: Conjure Flame
 19160 | Lair:4   | Learned a level 2 spell: Repel Missiles
 19228 | Lair:4   | Reached skill level 1 in Charms
 20046 | Lair:4   | Noticed Josephine
 20053 | Lair:4   | Killed Josephine
 20174 | Lair:5   | Noticed a seven-headed hydra
 20177 | Lair:5   | Reached ***** piety under Vehumet
 20189 | Lair:5   | Offered knowledge of Force Lance by Vehumet.
 21091 | Lair:6   | Found a staircase to the Snake Pit.
 21747 | Lair:6   | Reached XP level 13. HP: 58/58 MP: 19/28
 21914 | Lair:6   | Reached skill level 14 in Stealth
 22178 | Lair:6   | Offered knowledge of Spellforged Servitor by Vehumet.
 22541 | Lair:6   | Found a staircase to the Swamp.
 22619 | Lair:6   | Reached skill level 10 in Short Blades
 23990 | Lair:7   | Reached skill level 10 in Poison Magic
 24331 | Lair:8   | Entered Level 8 of the Lair of Beasts
 26751 | Lair:8   | Reached skill level 15 in Stealth
 27070 | Lair:8   | Offered knowledge of Freezing Cloud by Vehumet.
 28040 | Lair:7   | Learned a level 4 spell: Airstrike
 28045 | Lair:7   | Learned a level 4 spell: Summon Lightning Spire
 28781 | Lair:7   | Reached XP level 14. HP: 48/63 MP: 13/31
 28920 | Lair:6   | Reached skill level 1 in Air Magic
 29744 | Lair:3   | Killed Maud
 30835 | D:12     | Offered knowledge of Fireball by Vehumet.
 30876 | D:12     | Learned a level 2 spell: Ensorcelled Hibernation
 31388 | D:12     | Found a staircase to the Orcish Mines.
 32056 | Orc:1    | Entered Level 1 of the Orcish Mines
 32195 | Orc:1    | Noticed Erica
 32205 | Orc:1    | Killed Erica
 32840 | Orc:1    | Noticed an orc warlord
 32985 | Orc:1    | Killed an orc warlord
 33346 | Orc:2    | Entered Level 2 of the Orcish Mines
 33412 | Orc:2    | Offered knowledge of Bolt of Fire by Vehumet.
 34549 | Orc:2    | Found a staircase to the Elven Halls.
 34704 | Orc:2    | Reached skill level 16 in Stealth
 35488 | Orc:2    | Found Nuicrana's Book Shop.
 35488 | Orc:2    | Found Zuoterua's Antique Weapon Emporium.
 35491 | Orc:2    | Found Fowiock's Gadget Emporium.
 35491 | Orc:2    | Found Mycved's Armour Shop.
 35502 | Orc:2    | Bought a book of Power for 720 gold pieces
 35507 | Orc:2    | Learned a level 4 spell: Iskenderun's Mystic Blast
 35507 | Orc:2    | Bought a book of Misfortune for 320 gold pieces
 35625 | Orc:2    | Found Wured's Weapon Emporium.
 36924 | D:13     | Killed from afar by an efreet

Skill      XL: |  1  2  3  4  5  6  7  8  9 10 11 12 13 14 |
---------------+-------------------------------------------+-----
Short Blades   | 1 2 3 4 5 6 7 8 9 10 11 | 11.2
Spellcasting   | 3 4 5 6 7 8 9 10 12 | 12.6
Fighting       | 1 2 |  2.0
Dodging        | 4 5 6 7 8 10 11 12 13 14 | 14.5
Stealth        | 4 5 6 8 9 11 12 13 15 16 | 16.2
Poison Magic   | 5 6 7 8 9 10 | 10.9
Translocations | 2 3 |  3.0
Hexes          | 2 4 |  4.7
Summonings     | 1 |  1.0
Conjurations   | 2 3 4 5 7 |  7.5
Charms         | 4 |  4.1
Air Magic      | 3 |  3.0

Action                   |  1- 3 |  4- 6 |  7- 9 | 10-12 | 13-15 || total
-------------------------+-------+-------+-------+-------+-------++-------
Melee: Unarmed           |     4 |       |       |       |       ||     4
       Dagger            |    23 |   163 |   224 |   608 |   839 ||  1857
Throw: Throwing net      |       |       |       |       |     3 ||     3
 Cast: Sting             |    48 |    85 |   310 |   592 |  1090 ||  2125
       Mephitic Cloud    |       |     5 |    16 |    34 |    56 ||   111
       Cure Poison       |       |     1 |     2 |     3 |     6 ||    12
       Apportation       |       |       |     4 |       |     1 ||     5
       Call Imp          |       |       |     2 |     2 |     3 ||     7
       Slow              |       |       |     1 |    23 |    18 ||    42
       Blink             |       |       |     1 |       |     6 ||     7
       Venom Bolt        |       |       |       |    17 |     8 ||    25
       Conjure Flame     |       |       |       |     8 |    23 ||    31
       Airstrike         |       |       |       |       |    13 ||    13
       Summon Lightning  |       |       |       |       |    31 ||    31
       Olgreb's Toxic Ra |       |       |       |       |     1 ||     1
       Repel Missiles    |       |       |       |       |     1 ||     1
       Ensorcelled Hiber |       |       |       |       |     9 ||     9
       Iskenderun's Myst |       |       |       |       |     6 ||     6
Evoke: Wand              |       |       |       |       |    42 ||    42
  Use: Scroll            |     6 |     4 |     7 |    14 |     6 ||    37
       Potion            |     2 |     7 |     5 |     3 |     2 ||    19
 Stab: Distracted        |     1 |       |     1 |       |     7 ||     9
       Sleeping          |       |    12 |    15 |    69 |    28 ||   124
       Confused          |       |       |       |     1 |    19 ||    20
       Held in net/web   |       |       |       |       |     1 ||     1
  Eat: Bread ration      |       |     1 |       |       |     2 ||     3
       Fruit             |       |       |     2 |     6 |       ||     8
       Pizza             |       |       |       |     5 |     5 ||    10
Armor: Robe              |     1 |    23 |    22 |    21 |    38 ||   105
Dodge: Dodged            |    26 |   119 |   164 |   375 |   782 ||  1466
       Deflected         |       |       |       |       |     5 ||     5
